AoeStats
← Ebrio

Highland

506220899Analyzed
4v4 RM · 20d ago on Sep 12, 2026· 44m 35s· 8 players
Game mode
Random Map
Map size
Large (8 player)
Population
200
Speed
Normal
Resources
Standard
Victory
Conquest
Starting age
Dark Age
Ending age
Imperial Age
RankedLock teamsTeams togetherTeam positionsShared explorationLock speedFull tech treeHidden civsTurbo modeCheats
Victory
Defeat
🇩🇪 Mongols · Germany
919
+12
🇦🇷 Persians · Argentina
894
+13
🇩🇪 Franks · Germany
787
+18
🇬🇧 Bulgarians · United Kingdom
774
+19
🇪🇸 Malians · Spain
854
-16
🇻🇳 Huns · Vietnam
844
-16
🇲🇽 Romans · Mexico
834
-16
🇲🇽 Celts · Mexico
795
-14
Darknar626
3:39 Loom
11:44 Feudal Age
14:41 Double-Bit Axe
14:40 Horse Collar
18:47 Castle Age
18:54 Wheelbarrow
18:08 Town Watch
19:58 Bow Saw
19:43 Gold Mining
19:38 Pikeman
22:12 Scale Mail Armor
22:24 Forging
24:16 Man-at-Arms
24:58 Squires
25:17 Scale Barding Armor
25:07 Fletching
25:30 Husbandry
25:35 Stone Mining
28:09 Gold Shaft Mining
28:30 Fervor
28:34 Caravan
32:00 Iron Casting
31:46 Chain Barding Armor
39:02 Imperial Age
LUISMTZ
0:50 Loom
12:59 Feudal Age
13:21 Fishing Lines
15:46 Double-Bit Axe
19:30 Castle Age
17:45 Man-at-Arms
19:38 Forging
20:49 Gillnets
23:19 Gold Mining
24:27 Bow Saw
26:32 Treadmill Crane
27:03 Stone Mining
29:20 Wheelbarrow
28:36 Horse Collar
29:48 Caravan
30:45 Medium Warships
31:58 Iron Casting
33:18 Hand Cart
35:26 Town Watch
applerutz20052001
0:46 Loom
13:10 Feudal Age
17:17 Castle Age
15:27 Double-Bit Axe
18:02 Wheelbarrow
25:32 Gold Mining
25:32 Horse Collar
27:17 Gold Shaft Mining
26:54 Scale Barding Armor
28:59 Bow Saw
30:15 Forging
34:33 Imperial Age
32:41 Marauders
32:46 Heavy Plow
33:11 Hand Cart
32:44 Town Watch
33:04 Marauders
34:46 Chain Barding Armor
35:26 Bloodlines
35:16 Husbandry
36:06 Plate Barding Armor
36:02 Thumb Ring
35:17 Elite Skirmisher
37:04 Scale Mail Armor
37:42 Iron Casting
38:04 Parthian Tactics
39:32 Elite Tarkan
41:31 Fletching
spreweel
2:03 Loom
12:16 Feudal Age
14:04 Wheelbarrow
13:11 Horse Collar
13:20 Double-Bit Axe
17:49 Gold Mining
17:50 Stone Mining
20:09 Scale Mail Armor
21:29 Forging
24:30 Castle Age
22:47 Scale Barding Armor
23:19 Bloodlines
24:16 Fletching
24:37 Man-at-Arms
26:31 Stone Shaft Mining
26:01 Heavy Plow
26:27 Bow Saw
26:46 Chain Barding Armor
25:55 Man-at-Arms
26:57 Chain Mail Armor
27:18 Iron Casting
27:18 Hand Cart
26:43 Long Swordsman
30:56 Gold Shaft Mining
31:25 Fishing Lines
31:58 Town Watch
33:24 Squires
33:51 Gillnets
34:25 Chain Barding Armor
34:03 Bodkin Arrow
34:16 Husbandry
40:54 Imperial Age
38:18 Pikeman
39:55 Padded Archer Armor
40:03 Town Patrol
40:52 Tigui
41:00 Heavy Camel Rider
41:03 Elite Gbeto
42:20 Hoardings
43:02 Plate Mail Armor
43:08 Plate Barding Armor
YasD_001
0:29 Loom
11:56 Feudal Age
13:17 Double-Bit Axe
13:14 Horse Collar
17:38 Scale Mail Armor
18:22 Forging
18:08 Arson
25:20 Castle Age
24:48 Gold Mining
26:25 Chain Mail Armor
26:14 Squires
26:02 Gambesons
26:08 Gambesons
26:25 Stone Mining
27:23 Bow Saw
27:15 Heavy Plow
29:46 Padded Archer Armor
29:37 Fletching
30:23 Iron Casting
29:13 Pikeman
29:42 Elite Skirmisher
30:40 Leather Archer Armor
31:10 Wheelbarrow
32:53 Hand Cart
32:37 Bodkin Arrow
37:55 Town Watch
40:00 Scale Barding Armor
42:22 Gold Shaft Mining
45:50 Imperial Age
43:22 Stirrups
43:50 Chain Barding Armor
Rendben2744
0:29 Loom
9:43 Feudal Age
11:03 Wheelbarrow
10:17 Double-Bit Axe
10:18 Town Watch
12:14 Fishing Lines
16:52 Arson
23:12 Castle Age
21:22 Stone Mining
21:24 Gold Mining
21:37 Scale Mail Armor
21:49 Forging
21:33 Fletching
22:54 Scale Barding Armor
22:50 Padded Archer Armor
25:10 Hand Cart
25:23 Gillnets
25:57 Chain Mail Armor
26:52 Bow Saw
28:16 Gold Shaft Mining
29:09 Leather Archer Armor
28:28 Elite Skirmisher
30:58 #83
30:48 Husbandry
31:44 Ballistics
33:08 Murder Holes
34:21 Iron Casting
33:58 Squires
33:21 Pikeman
35:02 Guard Tower
39:54 Imperial Age
37:33 Bodkin Arrow
37:57 Light Cavalry
39:17 Chain Barding Armor
38:48 Crossbowman
41:14 Hoardings
40:40 Chivalry
41:01 Conscription
42:59 Siege Engineers
43:55 Chemistry
43:58 Elite Throwing Axeman
kHaNbHaI
11:23 Feudal Age
12:03 Double-Bit Axe
13:50 Gold Mining
22:09 Castle Age
20:40 Horse Collar
20:58 Stone Mining
23:11 Bow Saw
24:04 Wheelbarrow
24:50 Thumb Ring
25:52 Heavy Plow
26:31 Gold Shaft Mining
28:15 Fletching
28:27 Padded Archer Armor
28:38 Forging
30:29 Hand Cart
37:39 Imperial Age
34:55 Loom
34:56 Town Watch
35:05 Loom
35:06 Town Watch
35:21 Bodkin Arrow
35:42 Leather Archer Armor
36:02 Iron Casting
35:36 Scale Mail Armor
35:42 Scale Barding Armor
36:01 Ballistics
38:44 Town Patrol
39:27 Conscription
39:58 Drill
40:17 Hoardings
39:04 Elite Mangudai
40:15 Bracer
42:00 Parthian Tactics
44:11 Blast Furnace
43:27 Chain Mail Armor
43:33 Chain Barding Armor
43:06 Heavy Cavalry Archer
45:16 Plate Mail Armor
Ebrio
0:41 Loom
12:54 Feudal Age
13:38 Double-Bit Axe
13:38 Horse Collar
17:18 Castle Age
20:02 Bow Saw
19:54 Heavy Plow
20:32 Wheelbarrow
32:03 Imperial Age
29:28 Gold Mining
29:31 Stone Mining
30:12 Scale Barding Armor
30:18 Forging
30:22 Town Watch
31:21 Bloodlines
31:14 Husbandry
32:29 Chain Barding Armor
33:59 Conscription
33:29 Cavalier
37:00 Savar
40:00 Two-Man Saw
43:18 Plate Barding Armor
43:19 Iron Casting
44:23 Hoardings
43:50 Kamandaran
Connection lost

Rejoining the realm…

Still unreachable

The connection could not be restored.

Session expired

The server has moved on; the page needs a fresh start.